 Dungeon Crawl Stone Soup version 0.28.0 (webtiles) character file.

Game seed: 15707667148604621721

30 Prodoman the Magician (level 3, -2/26 HPs)
             Began as a Demonspawn Hedge Wizard on Feb 4, 2022.
             Slain by an adder (3 damage)
             ... on level 2 of the Dungeon.
             The game lasted 00:03:08 (1576 turns).

Prodoman the Magician (Demonspawn Hedge Wizard)     Turns: 1576, Time: 00:03:09

Health: -2/26      AC:  5    Str: 10    XL:     3   Next: 5%
Magic:  1/7        EV: 12    Int: 17    God:
Gold:   41         SH:  0    Dex: 12    Spells: 7/8 levels left

rFire   . . .      SeeInvis .   a - +0 dagger
rCold   . . .      Faith    .   (no shield)
rNeg    . . .      Spirit   .   b - +0 robe
rPois   .          Reflect  .   c - +0 hat
rElec   .          Harm     .   (no cloak)
rCorr   .          Rampage  .   f - +2 pair of gloves
Will    .....                   (no boots)
Stlth   ++........              (no amulet)
HPRegen 0.08/turn               (no ring)
MPRegen 0.10/turn               (no ring)

@: very slightly contaminated
A: antennae 1
a: no special abilities


You were on level 2 of the Dungeon.
You visited 1 branch of the dungeon, and saw 2 of its levels.

You collected 41 gold pieces.

Inventory:

Hand Weapons
 a - a +0 dagger (weapon)
Armour
 b - a +0 robe (worn)
 c - a +0 hat (worn)
 d - a +0 ring mail of willpower
 f - a +2 pair of gloves (worn)
Scrolls
 g - a scroll of brand weapon {unknown}
 h - a scroll of amnesia {unknown}
 i - a scroll of identify {unknown}
 j - a scroll of fear {unknown}
Potions
 e - a potion of curing {unknown}


   Skills:
 + Level 1.0 Fighting
 + Level 0.8 Armour
 + Level 2.1 Dodging
 - Level 1.7 Stealth
 + Level 3.2 Spellcasting
 + Level 1.5 Conjurations
 - Level 1.0 Summonings
 - Level 0.8 Translocations


You had 7 spell levels left.
You knew the following spells:

 Your Spells              Type           Power      Damage    Failure   Level
a - Magic Dart            Conj           32%        1d4       9%          1

Your spell library contained the following spells:

 Spells                   Type           Power      Damage    Failure   Level
 Slow                     Hex            8%         N/A       17%         1
 Call Imp                 Summ           6%         N/A       17%         2
 Blink                    Tloc           10%        N/A       19%         2
 Conjure Flame            Conj/Fire      5%         6-21      36%         3
 Mephitic Cloud           Conj/Pois/Air  4%         N/A       38%         3


Dungeon Overview and Level Annotations

Branches:
Dungeon (2/15)

Altars:

Shops:
D:2 *


Innate Abilities, Weirdness & Mutations

You have a pair of small antennae on your head.


Message History

You see here a scroll labelled ZUVABA XIZE.
j - a scroll labelled ZUVABA XIZE An adder comes into view.
Casting: Magic Dart (safe; 9% risk of failure)
Confirm with . or Enter, or press ? or * to list all spells.
Aiming: Magic Dart (safe; 9% risk of failure)
Press: ? - help, Shift-Dir - straight line, f - gnoll
Aim: a gnoll, wielding a +1 vorpal spear (100% to hit)
The magic dart hits the gnoll.
The gnoll is lightly wounded.
Casting: Magic Dart (safe; 9% risk of failure)
Confirm with . or Enter, or press ? or * to list all spells.
Aiming: Magic Dart (safe; 9% risk of failure)
Press: ? - help, Shift-Dir - straight line, f/p - gnoll
Aim: a gnoll, wielding a +1 vorpal spear (100% to hit)
The magic dart hits the gnoll.
The gnoll is lightly wounded.
Casting: Magic Dart (safe; 9% risk of failure)
Confirm with . or Enter, or press ? or * to list all spells.
Aiming: Magic Dart (safe; 9% risk of failure)
Press: ? - help, Shift-Dir - straight line, f/p - gnoll
Aim: a gnoll, wielding a +1 vorpal spear (lightly wounded, 100% to hit)
The magic dart hits the gnoll.
The gnoll is lightly wounded.
The gnoll hits you from afar with a +1 vorpal spear.
The gnoll closely misses you.
The gnoll hits you with a +1 vorpal spear.
The gnoll hits you with a +1 vorpal spear!
The adder closely misses you.
You hit the gnoll but do no damage.
The gnoll is lightly wounded.
The adder bites you.
* * * LOW HITPOINT WARNING * * *
The gnoll closely misses you. The adder barely misses you.
You hit the gnoll. Your punch misses the gnoll.
The gnoll is moderately wounded.
The gnoll hits you with a +1 vorpal spear.
* * * LOW HITPOINT WARNING * * *
x2 The adder bites you.
You die...

#.#. #.#.. #....
......#### ##.♣..#..
#####....
......#.####
#.......# #♣∩♣.g@...#
#.......# #....S.##.#
#.......#
...♣..†....#
........# # #######.#
#.##....#
#######.#####.##....#
........).....##....#
...........##..)....#
...........##.#÷.....
............#.#......


You could see a gnoll and an adder.

Vanquished Creatures
  A gnoll (D:2)
  3 ball pythons (D:1)
  3 bats (D:1)
  An endoplasm (D:1)
  A giant cockroach (D:1)
  3 goblins
  4 hobgoblins
  A frilled lizard (D:1)
  2 rats (D:1)
19 creatures vanquished.

Notes
Turn   | Place    | Note
-------+----------+-------------------------------------------
     0 | D:1      | Prodoman the Demonspawn Hedge Wizard began the quest for
                  | the Orb.
     0 | D:1      | Reached XP level 1. HP: 13/13 MP: 4/4
   338 | D:1      | Gained mutation: You have a pair of small antennae on your
                  | head. [demonic ancestry]
   338 | D:1      | Reached XP level 2. HP: 17/20 MP: 0/6
  1209 | D:2      | Noticed an ogre
  1242 | D:1      | You fall into a shaft and drop 1 floor!
  1497 | D:2      | Reached skill level 1 in Fighting
  1497 | D:2      | Reached XP level 3. HP: 26/26 MP: 1/7
  1560 | D:2      | Found Qeguqu Tysmu's General Store.
  1576 | D:2      | HP: 1/26 [gnoll (1)]
  1576 | D:2      | Slain by an adder

Illustrated notes

Levels and vault maps discovered:
D:1:      dpeg_arrival_short_road, layout_loops_corners, serial_glass,
          glass_columns_b, glass_columns_b, chequers_avenue,
          hangedman_feature_mirror
D:2:      layout_basic, chequers_ecumenical_altar_simple, serial_shops,
          nicolae_shop_trees

Skill      XL: |  1  2 |
---------------+-------+-----
Dodging        | 2 |  2.1
Fighting       | 1 |  1.0
Armour         | |  0.8
Stealth        | |  1.7
Spellcasting   | |  3.2
Conjurations   | |  1.5
Summonings     | |  1.0
Translocations | |  0.8

Action                   || total
-------------------------++-------
Melee: Dagger            ||    31
       Punch             ||     1
 Cast: Magic Dart        ||    46
Armor: Robe              ||    18
Dodge: Dodged            ||    29
